Map: Dusk Towers

Players

Fropez - Winner!

  • Race: Protoss Protoss
  • League: Silver
  • Spawn Location: 7:00

Darwin

  • Race: Zerg Zerg
  • Spawn Location: 1:00

VOD

Have the link to the VOD?

Description

Time

  • Played on: May 6, 2016, 10:23 a.m.
  • Length: 19:14
Show
View Real Time Build Order
Export as new Build Order

Fropez Protoss - Winner!

Build Orders: Oracle Opening 

Get SALT Encoding   

  12  0:01  Probe (Chrono Boost)  
  13  0:19  Pylon  
  13  0:25  Probe (Chrono Boost)  
  14  0:41  Gateway  
  14  0:42  Pylon  
  14  0:43  Probe (Chrono Boost)  
  15  0:53  Probe (Chrono Boost)  
  15  0:55  Assimilator  
  17  1:04  Probe (Chrono Boost), Assimilator  
  17  1:14  Pylon  
  17  1:19  Probe (Chrono Boost)  
  18  1:34  Cybernetics Core  
  18  1:35  Probe (Chrono Boost)  
  19  1:44  Zealot  
  21  1:49  Probe (Chrono Boost)  
  22  2:00  Probe (Chrono Boost)  
  22  2:01  Pylon  
  23  2:11  Mothership Core (Chrono Boost)  
  25  2:22  Stargate  
  25  2:29  Probe (Chrono Boost)  
  26  2:36  Adept  
  28  2:39  Probe (Chrono Boost)  
  28  2:40  Warp Gate (Chrono Boost)  
  29  2:51  Probe  
  30  3:03  Probe  
  30  3:04  Pylon  
  31  3:15  Probe  
  31  3:17  Adept  
  31  3:19  Oracle  
  37  3:27  Probe  
  37  3:40  Probe  
  38  3:52  Probe  
  37  4:04  Probe  
  37  4:07  Nexus  
  38  4:11  Assimilator  
  38  4:15  Assimilator  
  38  4:16  Probe  
  39  4:28  Probe  
  39  4:30  Pylon  
  40  4:39  Oracle  
  40  4:40  Probe  
  44  4:52  Probe  
  45  4:56  Robotics Facility  
  45  4:57  Pylon  
  45  5:04  Probe  
  45  5:05  Adept  
  48  5:16  Probe  
  49  5:26  Probe  
  50  5:38  Probe  
  50  5:40  Gateway  
  50  5:41  Adept  
  50  5:42  Gateway  
  53  5:45  Gateway  
  53  5:48  Pylon  
  50  6:12  Probe  
  50  6:13  Probe  
  50  6:16  Observer  
  53  6:22  Pylon  
  53  6:23  Probe  
  54  6:26  Probe  
  54  6:28  Pylon  
  55  6:33  Probe  
  55  6:34  Oracle  
  55  6:37  Immortal  
  55  6:38  Probe  
  62  6:44  Probe  
  63  6:50  Probe  
  63  6:51  Stalker  
  63  6:53  Stalker  
  68  6:55  Stalker  
  70  7:04  Probe  
  70  7:05  Probe  
  70  7:08  Forge  
  72  7:10  Oracle  
  72  7:14  Probe  
  75  7:16  Immortal  
  75  7:17  Probe  
  81  7:25  Probe  
  81  7:26  Zealot x2  
  86  7:30  Zealot  
  86  7:31  Zealot  
  86  7:33  Probe  
  91  7:45  Oracle  
  91  7:49  Pylon  
  94  7:53  Pylon  
  94  7:56  Pylon, Immortal  
  94  7:57  Stalker x2  
  98  8:18  Pylon  
  98  8:19  Pylon  
  98  8:23  Nexus  
  94  8:41  Pylon  
  90  8:50  Zealot x3  
  90  8:56  Probe  
  90  8:58  Probe  
  90  9:23  Assimilator  
  90  9:26  Assimilator  
  90  9:30  Pylon  
  87  9:56  Probe  
  87  9:57  Probe  
  89  10:03  Protoss Ground Weapons Level 1 (Chrono Boost)  
  89  10:04  Immortal  
  89  10:06  Probe  
  93  10:13  Twilight Council  
  91  10:25  Stalker x2  
  91  10:27  Probe x2  
  93  10:43  Immortal  
  95  11:03  Probe  
  91  11:04  Probe  
  93  11:13  Probe  
  94  11:24  Pylon  
  94  11:25  Pylon  
  94  11:30  Pylon  
  94  11:35  Forge  
  94  11:37  Forge  
  94  11:39  Templar Archives  
  94  11:41  Robotics Bay, Protoss Ground Weapons Level 2 (Chrono Boost)  
  94  11:45  Zealot x3  
  100  11:47  Robotics Facility  
  100  11:49  Immortal (Chrono Boost)  
  100  11:50  Gateway  
  100  11:52  Charge  
  104  12:02  Gateway x2  
  104  12:08  Protoss Ground Armor Level 1  
  104  12:10  Protoss Shields Level 1  
  104  12:14  Zealot x3  
  110  12:17  Probe  
  110  12:18  Probe  
  112  12:25  Immortal (Chrono Boost)  
  120  12:45  Immortal (Chrono Boost)  
  120  12:46  Gravitic Drive  
  120  12:51  High Templar x4  
  124  12:55  Probe, Archon x2  
  124  12:56  Probe  
  130  13:02  Probe  
  131  13:05  Void Ray (Chrono Boost)  
  131  13:07  Probe  
  136  13:25  High Templar x6  
  148  13:29  Observer  
  148  13:31  Observer  
  150  13:36  Archon x3  
  150  13:44  Void Ray (Chrono Boost)  
  150  13:45  Warp Prism  
  154  13:52  Warp Prism  
  158  14:03  Pylon  
  158  14:07  Pylon  
  158  14:08  Stalker x3  
  158  14:09  Photon Cannon  
  164  14:11  Photon Cannon  
  164  14:14  Photon Cannon  
  164  14:22  Void Ray (Chrono Boost)  
  168  14:31  Stalker  
  168  14:32  Stalker x3  
  168  14:34  Stalker x2  
  180  14:53  Pylon  
  180  14:56  Pylon  
  180  15:14  Nexus  
  180  15:17  Assimilator  
  180  15:20  High Templar  
  182  15:21  Assimilator  
  182  15:31  Pylon  
  182  15:34  Pylon  
  182  15:51  Nexus  
  182  16:16  Pylon  
  182  16:18  Pylon  
  182  16:27  Void Ray (Chrono Boost), Pylon  
  182  16:31  Pylon  
  186  16:33  Pylon  
  184  16:48  Pylon  
  180  16:58  Pylon  
  173  17:01  Pylon  
  173  17:05  Void Ray (Chrono Boost)  
  173  17:06  Nexus  
  171  17:38  Stalker x3  
  171  17:39  Stalker x3  
  187  17:47  Void Ray (Chrono Boost)  
  160  18:30  Void Ray (Chrono Boost)  
  160  18:31  High Templar  
Show
View Real Time Build Order
Export as new Build Order

Darwin Zerg 

Build Orders: Pool First, Lurkers 

Get SALT Encoding   

  12  0:02  Drone  
  13  0:19  Drone  
  14  0:33  Overlord  
  14  0:52  Drone x3  
  17  1:05  Drone  
  17  1:07  Extractor  
  17  1:15  Drone  
  18  1:31  Spawning Pool  
  18  1:32  Drone  
  18  1:33  Hatchery  
  18  1:36  Drone  
  18  1:55  Overlord  
  18  2:10  Drone x2  
  20  2:23  Metabolic Boost  
  20  2:26  Drone  
  21  2:31  Extractor  
  21  2:34  Drone  
  21  2:58  Drone x2  
  23  2:59  Zergling x4  
  23  3:01  Queen  
  23  3:03  Queen  
  29  3:10  Drone  
  30  3:21  Roach Warren  
  29  3:30  Drone x2  
  29  3:31  Drone  
  32  3:37  Queen  
  34  3:46  Lair  
  33  3:54  Overlord  
  33  3:55  Overlord x2  
  33  3:56  Overlord  
  32  4:03  Zergling x2  
  33  4:16  Roach x6  
  38  4:44  Drone x2  
  38  4:45  Drone x4  
  44  4:47  Drone  
  45  4:54  Spore Crawler  
  45  4:55  Drone  
  45  5:10  Extractor  
  45  5:13  Drone x3  
  45  5:14  Drone x4  
  50  5:18  Spore Crawler  
  50  5:25  Hydralisk Den  
  49  5:28  Spire  
  49  5:33  Overlord  
  48  5:48  Drone x6  
  51  6:15  Drone x3  
  54  6:19  Drone x2  
  54  6:20  Extractor, Drone x3  
  56  6:27  Drone x3  
  56  6:28  Drone  
  59  6:41  Lurker Den  
  59  6:43  Drone  
  59  6:45  Glial Reconstitution  
  60  6:49  Overlord x3  
  60  6:50  Overlord  
  60  6:52  Pneumatized Carapace  
  60  7:02  Roach x3  
  60  7:03  Roach x2  
  70  7:22  Queen  
  70  7:25  Hatchery  
  71  7:35  Roach x6  
  71  7:36  Roach  
  85  7:47  Corruptor x2  
  89  8:08  Hydralisk x5  
  72  9:02  Roach x4  
  76  9:03  Roach x9  
  76  9:04  Roach x5  
  76  9:08  Lurker x3  
  101  9:16  Queen  
  103  9:17  Drone  
  103  9:18  Drone x4  
  108  9:26  Corruptor  
  102  9:51  Queen  
  102  9:52  Drone x3  
  104  9:53  Drone x6  
  108  10:06  Drone  
  108  10:07  Drone x5  
  113  10:10  Overlord x3  
  84  11:02  Roach x4  
  84  11:03  Roach x8  
  84  11:04  Roach x5  
  103  11:16  Lurker x2  
  105  11:20  Extractor  
  105  11:21  Extractor  
  105  11:23  Corruptor x3  
  109  11:37  Muscular Augments  
  109  11:40  Infestation Pit  
  108  11:55  Evolution Chamber  
  107  12:21  Evolution Chamber  
  106  12:25  Evolution Chamber  
  105  12:36  Spore Crawler  
  104  12:37  Hive  
  104  12:53  Corruptor x7  
  104  12:54  Corruptor x2  
  122  13:05  Overseer x2  
  122  13:17  Hydralisk x2  
  122  13:18  Hydralisk  
  128  13:26  Drone x3  
  131  13:45  Hydralisk x2  
  131  13:46  Spore Crawler  
  131  13:47  Lurker  
  135  13:50  Lurker  
  135  13:52  Lurker  
  123  14:49  Corruptor  
  123  14:50  Corruptor x6  
  137  14:55  Overlord x3  
  137  15:39  Hydralisk x5  
  137  15:40  Hydralisk x4  
  147  15:58  Corruptor x2  
  151  16:25  Lurker  
  151  16:26  Lurker x3  
  151  16:29  Lurker  
  156  16:45  Roach x3  
  162  17:02  Overlord x4  
  162  17:27  Hydralisk x3, Roach x5  
  166  17:40  Corruptor  
  166  17:41  Corruptor x2  
  128  18:08  Roach x7  
  108  18:34  Zergling x12  
  80  18:36  Zergling x2  
  59  18:55  Roach  
  63  18:56  Zergling x2  
Tags
 
Composition
Lurkers
League
Silver
Matchup
PvZ
Replay Pack
All Mines
Spawn Locations
Cross Positions
Add a new tag
Caveats
  • Supply blocks, unpowered buildings, or Contaminate may cause inaccurate times.
  • Supply counts are checked every 10 seconds.